Cogmind - Beta 14 @@@ ROGUE MODE // 2024.09.13 @ 12:56:23 Player: Pitt Result: Destroyed by L-41 Fighter with Axe Performance ------------- Evolutions (3) 1500 Regions Visited (8) 1600 Robots Destroyed (63) 315 Value Destroyed (2021) 2021 Prototype IDs (4) 80 Alien Tech Used (0) 0 Bonus (239) 239 TOTAL SCORE: 5755 Bonus ------- High Alert Combat Kills 55 Follower Combat Kills 184 Cogmind --------- Core Integrity 0/700 Matter 174/300 Energy 71/100 System Corruption 2% Temperature Cool (0) Movement Core (350) Ox6 Location -7/Lower Caves Parts ------- > --- POWER (1) -------- (None) > --- PROPULSION (6) --- (None) > --- UTILITY (4) ------ Small Storage Unit Medium Storage Unit > --- WEAPON (2) ------- Heavy Battle Rifle > --- INVENTORY (10) --- Advanced Cooling System Advanced Cooling System Structural Scanner Seismic Detector Relay Coupler [NC] (22) Relay Coupler [Sentry] (18) Trap Extractor (0/4) Recalibrator Peak State ------------ > --- POWER ------------ Micro Nuclear Core > --- PROPULSION ------- Antigrav System Antigrav System > --- UTILITY ---------- Advanced Cooling System Small Storage Unit Improved Terrain Scan Processor Hacking Suite > --- WEAPON ----------- Particle Gun Gauss Rifle > --- INVENTORY -------- Advanced Cooling System Medium Storage Unit Structural Scanner Seismic Detector Relay Coupler [NC] Relay Coupler [Sentry] Recalibrator Tesla Rifle [Rating: 37] Favorites ----------- Power Light Ion Engine Engine Light Ion Engine Power Core Light Nuclear Core Propulsion Flight Unit Treads Light Treads Leg Aluminum Leg Wheel Compact Wheel Hover Unit Hover Unit Flight Unit Flight Unit Utility Small Storage Unit Device Improved Terrain Scanner Storage Small Storage Unit Processor Improved Terrain Scan Processor Hackware Hacking Suite Protection Hardened Medium Armor Plating Weapon Medium Laser Energy Gun Medium Laser Energy Cannon EM Pulse Cannon Ballistic Gun Gauss Rifle Special Weapon Mining Laser Build | -11 -10 -10 -9 -9 -8 -7 -7 -7 ------- Run | Yrd Mat Min Mat Min Mat Fac Low Low Slots Evolved 6 | . . . 2 . 2 2 . . Power . | . . . . . . . . . Propulsion 4 | . . . 1 . 2 1 . . Utility 2 | . . . 1 . . 1 . . Weapon . | . . . . . . . . . Parts Attached 98 | 7 3 10 19 5 37 12 1 4 Power 13 | 1 . 1 3 1 5 2 . . Engine 7 | 1 . 1 3 1 1 . . . Core 6 | . . . . . 4 2 . . Reactor . | . . . . . . . . . Propulsion 27 | 2 2 3 6 2 9 3 . . Treads 1 | . . . . . 1 . . . Leg 7 | . . . . . 6 1 . . Wheel 5 | 2 . 3 . . . . . . Hover 4 | . 2 . . . . 2 . . Flight 10 | . . . 6 2 2 . . . Utility 30 | 2 1 3 6 . 14 3 1 . Device 16 | 1 1 3 3 . 6 2 . . Storage 4 | 1 . . 2 . . . 1 . Processor 2 | . . . 1 . 1 . . . Hackware 1 | . . . . . . 1 . . Protection 7 | . . . . . 7 . . . Artifact . | . . . . . . . . . Weapon 28 | 2 . 3 4 2 9 4 . 4 Energy Gun 9 | 1 . 2 1 . 2 2 . 1 Energy Cannon 1 | . . . . . 1 . . . Ballistic Gun 14 | 1 . . 1 2 5 2 . 3 Ballistic Cannon . | . . . . . . . . . Launcher . | . . . . . . . . . Special Weapon 4 | . . 1 2 . 1 . . . Impact Weapon . | . . . . . . . . . Slashing Weapon . | . . . . . . . . . Piercing Weapon . | . . . . . . . . . Special Melee Weapon . | . . . . . . . . . Unidentified Prototypes 4 | . . . 2 . 2 . . . Parts Lost 27 | . . 1 . . 12 11 . 3 Power 3 | . . . . . 1 2 . . Propulsion 14 | . . 1 . . 7 6 . . Utility 4 | . . . . . 2 1 . 1 Weapon 6 | . . . . . 2 2 . 2 Highest Loss Streak 9 | . . 1 . . 6 9 . 3 To Critical Strikes . | . . . . . . . . . Average Slot Usage (%) 87 | . 99 87 88 98 90 89 69 38 Engine 8 | . 14 14 11 11 4 . . . Core 2 | . . . . . 4 6 7 2 Treads 1 | . . . . . 2 5 . . Leg 5 | . . . . . 9 31 . . Wheel 7 | . 27 3 13 . . . . . Hover 6 | . . 23 . . . 1 15 4 Flight 9 | . . . 13 33 27 . . . Device 11 | . 14 14 20 11 6 12 1 . Storage 11 | . 14 14 11 11 9 7 13 15 Processor 4 | . . . 1 11 9 7 7 4 Energy Gun 9 | . 14 16 14 . . 6 7 2 Ballistic Gun 7 | . 13 . 1 19 14 6 7 3 Peak Build Rating 37 | 7 9 10 15 14 25 37 37 33 Average Rating 16 | 5 8 8 11 13 21 29 33 15 On Entrance 16 | . 7 8 10 13 14 25 37 33 Naked Turns . | . . . . . . . . . Heaviest Build 28 | 13 13 13 19 12 27 20 28 28 Greatest Support 70 | 32 32 20 20 12 52 70 22 22 Greatest Overweight (x) 8 | . . 2 1 . 1 6 1 8 Average Overweight (x) . | . . . . . . . . 3 Largest Inventory Capacity 10 | 8 8 8 10 8 8 8 10 10 Average Capacity 8 | 7 8 8 9 8 8 8 9 10 Most Carried 10 | 7 8 8 10 8 8 8 10 10 Average Carried 7 | 2 7 7 8 8 7 7 9 8 Final Capacity 10 | 8 8 8 8 8 8 8 10 10 Final Carried 10 | 7 8 8 8 8 8 8 10 8 Class Distribution -------------------- 41% | Scavenger-Mutant 40% | Mutant 18% | Scavenger-Sprinter Dominant Class ---------------- Mutant | -10/Materials Mutant | -10/Mines Scavenger-Mutant | -9/Materials Scavenger-Sprinter | -9/Mines Scavenger-Sprinter | -8/Materials Scavenger-Mutant | -7/Factory Scavenger-Mutant | -7/Lower Caves Mutant | -7/Lower Caves Resources | -11 -10 -10 -9 -9 -8 -7 -7 -7 ----------- Run | Yrd Mat Min Mat Min Mat Fac Low Low Matter Collected 1729 | 275 16 128 173 70 881 130 56 . Remotely . | . . . . . . . . . Salvage Created 2214 | 114 16 203 146 55 1262 397 21 . Parts 123 | 10 2 11 13 5 61 20 1 . Haulers Intercepted . | . . . . . . . . . Recyclers Shooed 2 | . . . 1 . 1 . . . Parts Field Recycled . | . . . . . . . . . Retrieved Matter . | . . . . . . . . . Parts Self-Destructed . | . . . . . . . . . Prevented . | . . . . . . . . . Kills | -11 -10 -10 -9 -9 -8 -7 -7 -7 ------- Run | Yrd Mat Min Mat Min Mat Fac Low Low Combat Hostiles Destroyed 46 | . . 4 6 3 25 8 . . Guns 43 | . . 4 6 3 22 8 . . AOE 3 | . . . . . 3 . . . Classes Destroyed 13 | 2 1 2 2 . 3 2 1 . Worker 5 | . . 2 . . 3 . . . Builder 2 | . . . . . 2 . . . Tunneler 4 | 2 . 1 . . 1 . . . Recycler 3 | 1 . . . . 1 1 . . Minesweeper 1 | . . . . . . . 1 . Operator 1 | . 1 . . . . . . . Watcher 1 | . . . . . . 1 . . Swarmer 8 | . . . 5 3 . . . . Grunt 28 | . . 4 . . 19 5 . . Duelist 1 | . . . . . 1 . . . Sentry 5 | . . . 1 . 4 . . . Hunter 2 | . . . . . 1 1 . . Programmer 2 | . . . . . . 2 . . Best Kill Streak 5 | 3 1 5 3 3 5 4 1 . Combat Bots Only 4 | . . 2 3 3 4 4 . . Max Kills in Single Turn 3 | 1 1 1 1 1 3 1 1 . Gunslinging . | . . . . . . . . . Exploded 3 | . . . . . 3 . . . Melee . | . . . . . . . . . Uniques/NPCs Destroyed . | . . . . . . . . . Combat | -11 -10 -10 -9 -9 -8 -7 -7 -7 -------- Run | Yrd Mat Min Mat Min Mat Fac Low Low Hostile Shots Fired 341 | . 1 13 33 10 166 81 . 37 Missed 92 | . 1 5 13 4 37 25 . 7 Damage Taken 4322 | . . 106 203 53 2054 876 . 1030 Core 1062 | . . 12 61 8 256 101 . 624 Absorbed by Shields . | . . . . . . . . . Regen/Repaired (Parts) 181 | . . . 12 . . 169 . . Core Remaining (%) 82 | 100 . 95 . 82 53 . . . Volleys Fired 213 | 5 3 27 20 5 98 32 9 14 Largest 2 | 2 2 2 2 1 2 2 2 2 Hottest 105 | 70 70 100 105 20 100 93 93 93 Shots Fired 348 | 10 6 43 34 5 149 64 18 19 Gun 331 | 10 6 36 30 5 143 64 18 19 Cannon 3 | . . . . . 3 . . . Launcher . | . . . . . . . . . Special 14 | . . 7 4 . 3 . . . Kinetic 200 | 5 3 . 8 5 126 32 10 11 Thermal 142 | 5 3 43 26 . 20 32 8 5 Explosive . | . . . . . . . . . Electromagnetic 6 | . . . . . 3 . . 3 Robot Hit Streak 9 | 4 5 7 5 5 9 9 6 3 Robot Miss Streak 6 | 1 1 3 4 1 4 5 6 3 Penetration Max 1 | . . . . . 1 . . 1 Secondary Targets 5 | . . . 1 . 3 1 . . Max Gunslinging Chain 1 | . . . 1 . 1 1 . . Shots Hit Robots 221 | 7 5 23 16 3 105 44 9 9 Core Hits 112 | 4 2 10 8 3 61 20 2 2 Critical Kills 1 | . . . . . 1 . . . Critical Parts Destroyed . | . . . . . . . . . Critical Strikes 8 | . 1 2 2 . 1 1 1 . Burn 7 | . 1 2 2 . . 1 1 . Destroy 1 | . . . . . 1 . . . Melee Attacks . | . . . . . . . . . Impact . | . . . . . . . . . Slashing . | . . . . . . . . . Piercing . | . . . . . . . . . Sneak Attacks . | . . . . . . . . . Combat Hostiles . | . . . . . . . . . Follow-up Attacks . | . . . . . . . . . Damage Inflicted 4454 | 91 59 312 262 37 2539 779 157 218 Guns 3851 | 91 59 312 238 37 1978 768 157 211 Cannons 27 | . . . . . 27 . . . Explosions 530 | . . . . . 530 . . . Melee . | . . . . . . . . . Ramming 22 | . . . . . 4 11 . 7 Kinetic 2661 | 40 34 . 68 37 1824 460 78 120 Thermal 1684 | 51 25 312 194 . 684 308 79 31 Explosive . | . . . . . . . . . Electromagnetic 87 | . . . . . 27 . . 60 Impact . | . . . . . . . . . Slashing . | . . . . . . . . . Piercing . | . . . . . . . . . Highest Corruption 4 | . . . . . 4 2 2 2 Average Corruption 3 | . . . . . 4 2 2 2 Corruption Purged . | . . . . . . . . . Corruption Blocked . | . . . . . . . . . Effects 33 | . . . . . 25 1 7 . Message Errors 10 | . . . . . 8 . 2 . Matter Fused 7 | . . . . . 5 1 1 . Heat Flow Errors 2 | . . . . . 2 . . . Energy Discharges 6 | . . . . . 4 . 2 . Parts Rejected 1 | . . . . . 1 . . . Parts Fused 1 | . . . . . 1 . . . Data Loss (minor) 2 | . . . . . 2 . . . Data Loss (major) 2 | . . . . . 1 . 1 . Misfires 2 | . . . . . 1 . 1 . Overload Shots . | . . . . . . . . . Overflow Damage 63 | . . . . . 63 . . . Projectiles . | . . . . . . . . . Explosions 63 | . . . . . 63 . . . Melee . | . . . . . . . . . Knockbacks . | . . . . . . . . . Impact . | . . . . . . . . . Kinetic . | . . . . . . . . . Secondary . | . . . . . . . . . Self-Inflicted Damage 1 | . . . . . . . . 1 Shots . | . . . . . . . . . Rammed 5 | . . . . . . . . 5 Targets Rammed 13 | . . . . . 3 5 . 5 Kicked 8 | . . . . . 3 5 . . Crushed . | . . . . . . . . . Highest Temperature 236 | 38 9 126 20 . 236 162 . 120 Average Temperature 39 | 14 6 39 8 . 34 67 . 65 Received Heat Transfer 1560 | . . 57 36 . 1125 324 . 18 Siege Activations . | . . . . . . . . . Robots Corrupted . | . . . . . . . . . Combat Hostiles . | . . . . . . . . . Parts Fried . | . . . . . . . . . Impact Corruptions . | . . . . . . . . . Robots Melted . | . . . . . . . . . Combat Hostiles . | . . . . . . . . . Parts Melted 3 | . . . . . 1 2 . . Heat Transferred 3791 | 148 148 1073 642 . 670 777 259 74 Parts Sabotaged . | . . . . . . . . . Parts Stolen . | . . . . . . . . . Parts Stripped . | . . . . . . . . . Power Chain Reactions . | . . . . . . . . . Alert | -11 -10 -10 -9 -9 -8 -7 -7 -7 ------- Run | Yrd Mat Min Mat Min Mat Fac Low Low Peak Influence 526 | 15 41 115 367 179 526 352 . . Initial 238 | . 9 . 44 90 69 238 . . Average 110 | 7 6 34 150 170 154 249 . . Maximum Alert Level 2 | . . . 1 . 2 1 . . Low Security (%) 80 | 100 100 100 72 100 77 13 . . Level 1 17 | . . . 27 . 11 86 . . Level 2 2 | . . . . . 10 . . . Level 3 . | . . . . . . . . . Level 4 . | . . . . . . . . . Level 5 . | . . . . . . . . . High Security . | . . . . . . . . . Max Security . | . . . . . . . . . Squads Dispatched 6 | . 1 . . . 3 2 . . Investigation 1 | . . . . . 1 . . . Extermination 2 | . . . . . . 2 . . Reinforcement 3 | . 1 . . . 2 . . . Assault . | . . . . . . . . . Garrison . | . . . . . . . . . Intercept . | . . . . . . . . . Searches Triggered . | . . . . . . . . . Construction Impeded 1 | . . . . . 1 . . . Haulers Reinforced . | . . . . . . . . . Active Scanning Responses . | . . . . . . . . . Cargo Convoy Interrupts . | . . . . . . . . . Stealth | -11 -10 -10 -9 -9 -8 -7 -7 -7 --------- Run | Yrd Mat Min Mat Min Mat Fac Low Low Distress Signals 4 | . . . 1 . 3 . . . Communications Jammed . | . . . . . . . . . Distress Signals . | . . . . . . . . . Times Spotted 85 | . 3 9 15 3 34 16 . 5 Peak Tracking Total 7 | . 1 2 5 3 7 5 . 3 Tactical Retreats 5 | . . . . . 3 1 . 1 Traps | -11 -10 -10 -9 -9 -8 -7 -7 -7 ------- Run | Yrd Mat Min Mat Min Mat Fac Low Low Traps Triggered 1 | . . . . . . 1 . . Indirectly . | . . . . . . . . . Trap Hack Attempts . | . . . . . . . . . Triggered . | . . . . . . . . . Disarmed . | . . . . . . . . . Reprogrammed . | . . . . . . . . . Reused . | . . . . . . . . . Traps Extracted . | . . . . . . . . . Installed 1 | . . . . . . . . 1 Triggered . | . . . . . . . . . Most Traps Carried 1 | . . . . . . . 1 1 Objects Rigged 2 | . . . . . 2 . . . Exploded 2 | . . . . . 2 . . . Machines | -11 -10 -10 -9 -9 -8 -7 -7 -7 ---------- Run | Yrd Mat Min Mat Min Mat Fac Low Low Machines Disabled 4 | . . . . 1 3 . . . Max in Single Turn 1 | . . . . 1 1 . . . Machines Repaired . | . . . . . . . . . Machines Dismantled . | . . . . . . . . . Machines Sabotaged . | . . . . . . . . . Overloaded Fab Kills . | . . . . . . . . . Hacking | -11 -10 -10 -9 -9 -8 -7 -7 -7 --------- Run | Yrd Mat Min Mat Min Mat Fac Low Low Machines Accessed 10 | . 2 1 3 . 2 2 . . Terminals 7 | . 2 1 2 . 2 . . . Fabricators 1 | . . . . . . 1 . . Repair Stations 2 | . . . 1 . . 1 . . Recycling Units . | . . . . . . . . . Scanalyzers . | . . . . . . . . . Garrison Access . | . . . . . . . . . Total Hacks 28 | . 5 3 9 . 5 6 . . Successful 14 | . 2 1 4 . 2 5 . . Failed 14 | . 3 2 5 . 3 1 . . Catastrophic 2 | . 1 . 1 . . . . . Database Lockouts . | . . . . . . . . . Manual 14 | . 5 . 4 . 5 . . . Terminals 18 | . 5 3 5 . 5 . . . Fabricators 1 | . . . . . . 1 . . Repair Stations 9 | . . . 4 . . 5 . . Recycling Units . | . . . . . . . . . Scanalyzers . | . . . . . . . . . Garrison Access . | . . . . . . . . . Terminal Hacks 4 | . 2 1 1 . . . . . Terminal Index 1 | . 1 . . . . . . . Locate Traps 1 | . . . 1 . . . . . Zone Layout 2 | . 1 1 . . . . . . Fabricator Hacks 1 | . . . . . . 1 . . Build 1 | . . . . . . 1 . . Repair Station Hacks 6 | . . . 2 . . 4 . . Scan Component 3 | . . . 1 . . 2 . . Repair 3 | . . . 1 . . 2 . . Recycling Unit Hacks . | . . . . . . . . . Scanalyzer . | . . . . . . . . . Garrison Access Hacks . | . . . . . . . . . Unauthorized Hacks 3 | . . . 1 . 2 . . . Terminals 3 | . . . 1 . 2 . . . Botnet 2 | . . . 1 . 1 . . . Detonate 1 | . . . . . 1 . . . Fabricators . | . . . . . . . . . Repair Stations . | . . . . . . . . . Recycling Units . | . . . . . . . . . Scanalyzers . | . . . . . . . . . Garrison Access . | . . . . . . . . . Data Cores Recovered . | . . . . . . . . . Used . | . . . . . . . . . Hacking Detections 9 | . 2 . 3 . 2 2 . . Full Trace Events 1 | . . . . . 1 . . . Feedback Events . | . . . . . . . . . Feedback Blocked . | . . . . . . . . . Robot Schematics Acquired . | . . . . . . . . . Robots Built 2 | . . . . . . 2 . . Authchips . | . . . . . . . . . Time 58 | . . . . . . 58 . . Total Robot Build Rating 6 | . . . . . . 6 . . Part Schematics Acquired . | . . . . . . . . . Parts Built . | . . . . . . . . . Authchips . | . . . . . . . . . Time . | . . . . . . . . . Total Part Build Rating . | . . . . . . . . . Parts Repaired 3 | . . . 1 . . 2 . . Time 96 | . . . 26 . . 70 . . Parts Recycled . | . . . . . . . . . Recycled Matter . | . . . . . . . . . Retrieved Matter . | . . . . . . . . . Retrieved Components . | . . . . . . . . . Parts Scanalyzed . | . . . . . . . . . Part Schematics Acquired . | . . . . . . . . . Parts Damaged . | . . . . . . . . . Bothacking | -11 -10 -10 -9 -9 -8 -7 -7 -7 ------------ Run | Yrd Mat Min Mat Min Mat Fac Low Low Used RIF Installer . | . . . . . . . . . Robots Hacked . | . . . . . . . . . Non-combat . | . . . . . . . . . Combat . | . . . . . . . . . Robot Hacks Applied . | . . . . . . . . . Relay Couplers Released 4 | . . . . . . 4 . . Programmers 4 | . . . . . . 4 . . Fabnet Peak Effective % . | . . . . . . . . . Robots Rewired . | . . . . . . . . . Allies Hacked 1 | . . . . . . 1 . . Hacks Repelled . | . . . . . . . . . Allies | -11 -10 -10 -9 -9 -8 -7 -7 -7 -------- Run | Yrd Mat Min Mat Min Mat Fac Low Low Total Allies 6 | . . 3 . . . 2 . 1 Largest Group 3 | . . 3 2 1 1 2 . 1 Highest-Rated Group 180 | . . 40 32 12 12 38 . 180 Highest-Rated Ally 180 | . . 16 16 12 12 19 . 180 Total Orders 6 | . . . 4 . 1 1 . . STAY 1 | . . . 1 . . . . . ROAM 1 | . . . . . 1 . . . FOLLOW 2 | . . . 1 . . 1 . . GUARD 1 | . . . 1 . . . . . AID 1 | . . . 1 . . . . . Ally Attacks 64 | . . 38 20 . 1 . . 5 Total Damage 844 | . . 353 236 . 18 . . 237 Kills 15 | . . 6 8 . . . . 1 Allies Corrupted 1 | . . 1 . . . . . . Allies Melted . | . . . . . . . . . Intel | -11 -10 -10 -9 -9 -8 -7 -7 -7 ------- Run | Yrd Mat Min Mat Min Mat Fac Low Low Robot Analysis Total . | . . . . . . . . . Derelict Logs Recovered 3 | . . 2 . . . . 1 . Drone Launches . | . . . . . . . . . Drone Recoveries . | . . . . . . . . . Exploration | -11 -10 -10 -9 -9 -8 -7 -7 -7 ------------- Run | Yrd Mat Min Mat Min Mat Fac Low Low Turns Passed 5304 | 124 826 935 833 245 1172 504 539 126 Spaces Moved 2091 | 94 136 457 330 60 350 171 458 35 Core 26 | 4 . . . . . 2 . 20 Treads . | . . . . . . . . . Legs 296 | . . . . . 163 133 . . Wheels 440 | 90 115 111 124 . . . . . Hover 876 | . 21 346 . . . 36 458 15 Flight 453 | . . . 206 60 187 . . . Fastest Speed 27 | 50 56 56 32 32 27 56 56 116 Average Speed 85 | 97 93 66 62 32 81 111 105 208 Slowest Speed 450 | 100 100 180 114 32 200 350 116 450 Overloaded Moves . | . . . . . . . . . Propulsion Burnouts . | . . . . . . . . . Robots Hopped 2 | . . . 2 . . . . . Cave-ins Triggered . | . . . . . . . . . Exploration Rate (%) 28 | 5 24 73 25 17 36 6 66 7 Regions Visited 8 Branch Regions 4 Pre-discovered Areas . | . . . . . . . . . Known Exits Taken 2 | . . . 1 1 . . . . Unknown Exits Taken 6 | 1 1 1 . . 1 1 1 . Scrap Searched 2 | . . . . 1 . . 1 . Spaces Dug 6 | . . . 3 . 3 . . . Terrain Destroyed 77 | . . 1 3 . 72 . . 1 Melee . | . . . . . . . . . Projectile 9 | . . 1 3 . 4 . . 1 AOE 68 | . . . . . 68 . . . Terrain Rammed . | . . . . . . . . . Walls Destroyed . | . . . . . . . . . Machines Disabled . | . . . . . . . . . Actions | -11 -10 -10 -9 -9 -8 -7 -7 -7 --------- Run | Yrd Mat Min Mat Min Mat Fac Low Low Total 5214 | 112 828 1026 910 280 1082 417 498 61 Wait 2735 | . 682 527 520 208 581 187 29 1 Move 2079 | 93 135 456 325 59 349 170 457 35 Hop 2 | . . . 2 . . . . . Pick Up 37 | 7 2 2 10 . 7 7 2 . Fast Attach 32 | 7 . 2 . 1 12 7 . 3 Attach 17 | . . 2 3 . 7 4 . 1 Detach 5 | . 1 1 2 . 1 . . . Swap 49 | . 3 6 16 4 18 1 1 . Drop 31 | . 2 3 12 3 6 4 . 1 Fire 213 | 5 3 27 20 5 98 32 9 14 Melee . | . . . . . . . . . Ram 5 | . . . . . . . . 5 Kick 8 | . . . . . 3 5 . . Crush . | . . . . . . . . . Escape Stasis . | . . . . . . . . . Rewire . | . . . . . . . . . Trap 1 | . . . . . . . . 1 Miscellaneous . | . . . . . . . . . Route ------- -11/Scrapyard -10/Materials -10/Mines -9/Materials (discovered 2 exits: Mat / *Min) -9/Mines -8/Materials -7/Factory -7/Lower Caves -7/Lower Caves (discovered 1 exit: [*Fac]) History --------- Turn | Location | Event 5 | -11/Scrapyard | Discovered new exit (range 16) 125 | -11/Scrapyard | Entered Materials 318 | -10/Materials | Build established: Mutant 906 | -10/Materials | Discovered new exit (range 11) 951 | -10/Materials | Entered Mines 964 | -10/Mines | Assisted by bots powering up and referring to "LRC-V3" 989 | -10/Mines | Met a Derelict bent on vengeance 995 | -10/Mines | Learned location of 2 exits from Materials 996 | -10/Mines | Learned Materials stockpile data 1570 | -10/Mines | Excavation squad dispatched 1570 | -10/Mines | A large section of the Mines collapsed 1820 | -10/Mines | Excavation squad dispatched 1868 | -10/Mines | Discovered new exit (range 6) 1886 | -10/Mines | Entered Materials 1886 | -9/Materials | Accompanied by 2 allies 1886 | -9/Materials | Evolved 2 slots: Propulsion x1, Utility x1 1887 | -9/Materials | Identified exit to Materials 1887 | -9/Materials | Identified exit to Mines 2087 | -9/Materials | Build established: Scavenger-Mutant 2353 | -9/Materials | Repaired Structural Scanner 2719 | -9/Materials | Entered Mines 2719 | -9/Mines | Accompanied by 1 ally 2793 | -9/Mines | Discovered exit to Materials (range 4) 2852 | -9/Mines | Build established: Scavenger-Sprinter 2964 | -9/Mines | Entered Materials 2964 | -8/Materials | Accompanied by 1 ally 2964 | -8/Materials | Evolved 2 slots: Propulsion x2 3696 | -8/Materials | Lost 3 parts (2n1w) 3835 | -8/Materials | Lost 6 parts (4n1u1w) 4087 | -8/Materials | Discovered new exit (range 12) 4136 | -8/Materials | Entered Factory 4136 | -7/Factory | Evolved 2 slots: Propulsion x1, Utility x1 4209 | -7/Factory | Repaired Particle Gun 4248 | -7/Factory | Repaired Hpw. Shotgun 4315 | -7/Factory | Build established: Scavenger-Mutant 4341 | -7/Factory | Fabricated W-25 Informer? 4624 | -7/Factory | Lost 9 parts (1p6n2w) 4628 | -7/Factory | Discovered new exit (range 3) 4640 | -7/Factory | Entered Lower Caves 5003 | -7/Lower Caves | Learned Factory stockpile data 5035 | -7/Lower Caves | Discovered new exit (range 9) 5179 | -7/Lower Caves | Entered another Lower Caves area 5271 | -7/Lower Caves | Core integrity fell below 50% 5290 | -7/Lower Caves | Lost 3 parts (1u2w) 5292 | -7/Lower Caves | 7V-RTL showed up to help 5292 | -7/Lower Caves | Core integrity fell below 20% 5295 | -7/Lower Caves | Discovered new exit (range 12) 5305 | -7/Lower Caves | Destroyed by L-41 Fighter with Axe Last Messages --------------- 05212_ Installed Dirty Bomb Trap. 05214_ Antigrav System severed. 05216_ Slug penetrates Wall. 05217_ Antigrav System severed. 05218_ Slug penetrates L-41 Fighter. 05225_ Gauss Rifle destroyed. 05227_ Mic. Nuclear Core severed. 05244_ Tesla Rifle destroyed. 05247_ Hacking Suite severed. 05258_ Slammed into L-41 Fighter. 05259_ Imp. Terrain Scan Processor destroyed. 05260_ Slammed into L-41 Fighter. A strange signal echoes through the caves. 7V-RTL: "Let me deal with this, you get out of here!" 05295_ EXIT=FOUND 05298_ Acquired Hvy. Battle Rifle. 05298_ Hvy. Battle Rifle severed. 05299_ Acquired Hvy. Battle Rifle. 05300_ Hvy. Battle Rifle severed. 05301_ Acquired Hvy. Battle Rifle. Map ----- +----------------------------------------------------+ | ?????????????????????????????????????????????????? | | ?????????????????????????????????????????????????? | | ?????????????????????????????????????????????????? | | ?????????????????????????????????????????????????? | | ?????????????????????????????????????????????????? | | ?????????????????????????????????????????????????? | | ?????????????????????????????????????????????????? | | ?????????????????????????????????????????????????? | | ?????????????????????????????????????????????????? | | ?????????????????????????????????????????????????? | | ?????????????????????????????????????????????????? | | ?????????????????????????????????????????????????? | | ???????????????????????? ????????????????????????? | | ???????????????????????? ##?????????????????????? | | ????????????????????????< #?????????????????????? | | ??????????????????????? ????? ???????????????? | | ????????????????????? ###?? ???????????????? | | ????????????????????? """"?## ????????????????? | | ?????????????????????? #"" ?""?????????????????? | | ??????????????????????#"" ??????????????????? | | ??????????????????????#" ??????????????????? | | ??????????????????????#" ???????????????????? | | ??????????????????????#"g ????????????????????? | | ??????????????????????#" # ##???????????????????? | | ???????????????????# #" # X#?????#?????????????? | | ???????????????????# " @l #????? ??????????????? | | ???????????????????# # # #???? ?#?????????????? | | ???????????????????????#### #??? #?????????????? | | ???????????????????# ### ### #?????????????? | | ????????????????????# #?????????????? | | ????????????????????####### ### ##?????????????? | | #########??????### ##??????????????????? | | [^#??????# #?? #??????????????? | | ?# ######=#?????## ## #??????????????? | | ???????????????#=#???### #??????????????? | | ???????????????#*##### #??????????????? | | ???????????????# #####??????????????? | | ???????????????# #??????????????????? | | ???????????????## "" " " ###??????????????????? | | ????????????????# """ "# ##????????????????????? | | ????????????????# "" "" ###?????????????????????? | | ????????????????# " #???????????????????????? | | ????????????????# """" #???????????????????????? | | ????????????????# """"" #???????????????????????? | | ????????????????# "" #???????????????????????? | | ????????????????# #???????????????????????? | | ????????????????#####?####???????????????????????? | | ?????????????????????????????????????????????????? | | ?????????????????????????????????????????????????? | | ?????????????????????????????????????????????????? | +----------------------------------------------------+ Best States ------------- Heat Dissipation 65 Energy Generation 15 Energy Capacity 280 Matter Stores 300 Matter Capacity 300 Sight Range 16 Terrain Scan Range 16 Terrain Scan Density 110 Armor Coverage 225 Evasion (%) 64 Offensive Hacking 10 Item Schematics ----------------- None Robot Schematics ------------------ None Fabricated ------------ W-25 Informer | x2 | -7/Factory | Preloaded Alien Tech Used ----------------- None Achievements -------------- None Challenges ------------ None Game ------ Seed StasisZioniteFemtoactuators Manual? 0 Play Time 00:56:20 Cumulative 205.8 hours Start 2024.09.13 @ 08:24:32 End 2024.09.13 @ 12:56:23 Sessions 1 Manual Loads 0 Difficulty Rogue Special Mode None Game No. 316 Rogue 316 Adventurer 0 Explorer 0 Win Type - Total 0 Types 0/0/0/0/0/0/0/0/0 Lore% 31 Gallery% 54 Achievement% 40 Wizard Run 0 Options --------- Layout 0 ASCII 0 Keyboard 0 Movement Mouse Keybinds 0 Fullscreen 1 Font 18/SmallcapsGlow Map View 76x50 Zoom Use 0% Tactical HUD 1 Map Filters NONE Filters NONE Steam 1 RUN: babfa70d-708e-4df7-a53f-f8c05b12d54a